[Event "GambitGuide"]
[Site "Internet Chess Club"]
[Date "2014.10.31"]
[Round "1"]
[White "JSBach"]
[Black "Geeloo"]
[Result "1-0"]
[ICCResult "Black resigns"]
[WhiteElo "1702"]
[BlackElo "1646"]
[Opening "Vienna: `Frankenstein-Dracula' variation"]
[ECO "C27"]
[NIC "VG.02"]
[Time "14:16:27"]
[TimeControl "120+12"]

1. e4 e5 2. Nc3 Nf6 3. Bc4 Nxe4 4. Qh5 Nd6 5. Bb3 Nc6 6. Nb5 g6 7. Qf3 f5 8.
Qd5 Qe7 9. Nxc7+ Kd8 10. Nxa8 b6 11. d3 Bb7 12. Nxb6 axb6 13. Qf3 Bg7 14.
Be3 b5 15. Bd5 {Black resigns} 1-0

[Event "GambitGuide"]
[Site "Internet Chess Club"]
[Date "2014.10.31"]
[Round "1"]
[White "JSBach"]
[Black "canpawn"]
[Result "1-0"]
[ICCResult "Black resigns"]
[WhiteElo "1702"]
[BlackElo "1518"]
[Opening "Vienna: `Frankenstein-Dracula' variation"]
[ECO "C27"]
[NIC "VG.02"]
[Time "14:17:28"]
[TimeControl "120+12"]

1. e4 e5 2. Nc3 Nf6 3. Bc4 Nxe4 4. Qh5 Nd6 5. Bb3 Nc6 6. Nb5 g6 7. Qf3 f5 8.
Qd5 Qe7 9. Nxc7+ Kd8 10. Nxa8 b6 11. d3 Bb7 12. Nxb6 axb6 13. Qf3 e4 14.
dxe4 Nd4 15. Qg3 Nxe4 16. Qb8+ Bc8 17. Qxb6+ Ke8 18. Qxd4 Nc3+ 19. Qe3 Qxe3+
20. Bxe3 {Black resigns} 1-0

[Event "GambitGuide"]
[Site "Internet Chess Club"]
[Date "2014.10.31"]
[Round "1"]
[White "JSBach"]
[Black "BFavre"]
[Result "1-0"]
[ICCResult "Black resigns"]
[WhiteElo "1702"]
[BlackElo "1564"]
[Opening "Vienna: `Frankenstein-Dracula' variation"]
[ECO "C27"]
[NIC "VG.02"]
[Time "14:18:45"]
[TimeControl "120+12"]

1. e4 e5 2. Nc3 Nf6 3. Bc4 Nxe4 4. Qh5 Nd6 5. Bb3 Nc6 6. Nb5 g6 7. Qf3 f5 8.
Qd5 Qe7 9. Nxc7+ Kd8 10. Nxa8 b6 11. d3 Bb7 12. Nxb6 axb6 13. Qf3 Nd4 14.
Qg3 Nxb3 15. axb3 h5 16. Bg5 {Black resigns} 1-0

[Event "GambitGuide"]
[Site "Internet Chess Club"]
[Date "2014.10.31"]
[Round "1"]
[White "JSBach"]
[Black "croder"]
[Result "1/2-1/2"]
[ICCResult "Game drawn by repetition"]
[WhiteElo "1702"]
[BlackElo "1617"]
[Opening "Vienna: `Frankenstein-Dracula' variation"]
[ECO "C27"]
[NIC "VG.02"]
[Time "14:17:44"]
[TimeControl "120+12"]

1. e4 e5 2. Nc3 Nf6 3. Bc4 Nxe4 4. Qh5 Nd6 5. Bb3 Nc6 6. Nb5 g6 7. Qf3 f5 8.
Qd5 Qe7 9. Nxc7+ Kd8 10. Nxa8 b6 11. d3 Bb7 12. Nxb6 axb6 13. Qf3 Kc7 14.
Bd2 h6 15. Qg3 Qf6 16. Nf3 g5 17. Bd5 e4 18. Bc3 Qxc3+ 19. bxc3 exf3 20.
Bxf3 f4 21. Qh3 Bg7 22. O-O Bxc3 23. Rab1 Ne5 24. Be2 f3 25. gxf3 Rf8 26.
Qxh6 Rxf3 27. Rb3 Bd2 28. Rxb6 Kxb6 29. Qxd6+ Ka7 30. Qxe5 Rh3 31. Bg4 Rh4
32. Qc5+ Kb8 33. Qd6+ Ka7 34. Qc5+ Kb8 35. Qe5+ Ka7 36. Qc5+ Kb8 37. Qd6+
Ka7 38. Qd4+ Kb8 39. Qd6+ Ka7 40. Qd4+ Kb8 41. Qd6+ Ka7 42. Qd4+ Kb8 43.
Qd6+ Ka7 44. Qd4+ {Game drawn by repetition} 1/2-1/2

[Event "GambitGuide"]
[Site "Internet Chess Club"]
[Date "2014.10.31"]
[Round "1"]
[White "JSBach"]
[Black "Grann"]
[Result "1-0"]
[ICCResult "Black resigns"]
[WhiteElo "1702"]
[BlackElo "1547"]
[Opening "Vienna: `Frankenstein-Dracula' variation"]
[ECO "C27"]
[NIC "VG.02"]
[Time "14:12:58"]
[TimeControl "120+12"]

1. e4 e5 2. Nc3 Nf6 3. Bc4 Nxe4 4. Qh5 Nd6 5. Bb3 Nc6 6. Nb5 g6 7. Qf3 f5 8.
Qd5 Qe7 9. Nxc7+ Kd8 10. Nxa8 b6 11. d3 Bg7 12. Nh3 Nd4 13. Bg5 Bf6 14. Bxf6
Qxf6 15. O-O-O Bb7 16. Nxb6 Bxd5 17. Nxd5 Nxb3+ 18. axb3 Qe6 19. c4 h6 20.
Rhe1 Re8 21. Nhf4 Qf7 22. Ne2 Nb5 23. b4 Kc8 24. g3 Kb8 25. Nec3 Nd4 26. Re3
d6 27. Ne2 Nxe2+ 28. Rxe2 g5 29. Re3 f4 30. gxf4 gxf4 31. Ree1 Qf5 32. b5 h5
33. b6 axb6 34. Nxb6 h4 35. d4 e4 36. d5 e3 37. Re2 f3 38. Rxe3 Rxe3 39.
fxe3 Qe5 40. Nd7+ {Black resigns} 1-0

[Event "GambitGuide"]
[Site "Internet Chess Club"]
[Date "2014.10.31"]
[Round "1"]
[White "JSBach"]
[Black "FischerKing"]
[Result "1-0"]
[ICCResult "Black checkmated"]
[WhiteElo "1702"]
[BlackElo "1739"]
[Opening "Vienna: `Frankenstein-Dracula' variation"]
[ECO "C27"]
[NIC "VG.02"]
[Time "14:18:06"]
[TimeControl "120+12"]

1. e4 e5 2. Nc3 Nf6 3. Bc4 Nxe4 4. Qh5 Nd6 5. Bb3 Nc6 6. Nb5 g6 7. Qf3 f5 8.
Qd5 Qe7 9. Nxc7+ Kd8 10. Nxa8 b6 11. d3 Nb4 12. Qf3 e4 13. dxe4 Nxe4 14. Be3
Nc5 15. Qg3 Nxb3 16. Qc7+ Ke8 17. Qxc8+ Kf7 18. Qc4+ Ke8 19. Nc7+ Kd8 20.
axb3 f4 21. Rxa7 fxe3 22. Ra8# {Black checkmated} 1-0

[Event "GambitGuide"]
[Site "Internet Chess Club"]
[Date "2014.10.31"]
[Round "1"]
[White "JSBach"]
[Black "BeThankful"]
[Result "1-0"]
[ICCResult "Black resigns"]
[WhiteElo "1702"]
[BlackElo "1741"]
[Opening "Vienna: `Frankenstein-Dracula' variation"]
[ECO "C27"]
[NIC "VG.02"]
[Time "14:18:05"]
[TimeControl "120+12"]

1. e4 e5 2. Nc3 Nf6 3. Bc4 Nxe4 4. Qh5 Nd6 5. Bb3 Nc6 6. Nb5 g6 7. Qf3 f5 8.
Qd5 Qe7 9. Nxc7+ Kd8 10. Nxa8 b6 11. d3 Bb7 12. Nxb6 axb6 13. Qf3 e4 14.
dxe4 Nxe4 15. Be3 f4 16. Qxf4 h6 17. Bxb6+ Ke8 18. O-O-O h5 19. Bf7+ Qxf7
20. Qxf7+ Kxf7 21. Rxd7+ Kf6 22. Rxb7 Bh6+ 23. Kd1 Ne5 24. h4 Ng4 25. Bd4+
Ke6 26. Ke2 Rf8 27. Nf3 {Black resigns} 1-0

[Event "GambitGuide"]
[Site "Internet Chess Club"]
[Date "2014.10.31"]
[Round "1"]
[White "JSBach"]
[Black "almoehi"]
[Result "1-0"]
[ICCResult "Black resigns"]
[WhiteElo "1702"]
[BlackElo "1458"]
[Opening "Vienna: `Frankenstein-Dracula' variation"]
[ECO "C27"]
[NIC "VG.02"]
[Time "14:15:33"]
[TimeControl "120+12"]

1. e4 e5 2. Nc3 Nf6 3. Bc4 Nxe4 4. Qh5 Nd6 5. Bb3 Nc6 6. Nb5 g6 7. Qf3 f5 8.
Qd5 Qe7 9. Nxc7+ Kd8 10. Nxa8 b6 11. d3 e4 12. dxe4 Nxe4 13. Be3 f4 14. f3
fxe3 15. Qxe4 Qxe4 16. fxe4 Bc5 17. Ba4 Bb7 18. Nxb6 Bxb6 19. Bb5 Rf8 20.
Ne2 Ne5 21. Bd3 Ng4 22. h3 Nf2 23. O-O d5 24. exd5 Bxd5 25. c3 Re8 26. Bb5
Re5 27. c4 Bb7 28. b4 Rg5 29. g3 Nxh3+ 30. Kh2 Nf2 31. Nf4 Re5 32. c5 Bc7
33. Be2 g5 34. Ng2 g4 35. Nh4 h5 36. Ng6 Re8 37. Nh4 Be4 38. Rae1 Be5 39.
Bb5 Rf8 40. Rxe3 Bg7 41. Re2 Nd3 42. Rxf8+ Bxf8 43. Rxe4 {Black resigns} 1-0

[Event "GambitGuide"]
[Site "Internet Chess Club"]
[Date "2014.10.31"]
[Round "1"]
[White "JSBach"]
[Black "BFavre"]
[Result "0-1"]
[ICCResult "White checkmated"]
[WhiteElo "1702"]
[BlackElo "1564"]
[Opening "Vienna: `Frankenstein-Dracula' variation"]
[ECO "C27"]
[NIC "VG.02"]
[Time "14:19:19"]
[TimeControl "120+12"]

1. e4 e5 2. Nc3 Nf6 3. Bc4 Nxe4 4. Qh5 Nd6 5. Bb3 Nc6 6. Nb5 g6 7. Qf3 f5 8.
Qd5 Qe7 9. Nxc7+ Kd8 10. Nxa8 b6 11. d3 Bb7 12. Nxb6 axb6 13. Qf3 Nd4 14.
Qg3 Nxb3 15. axb3 Bg7 16. Be3 Kc7 17. Bd2 f4 18. Qg4 Nf5 19. Nf3 Qf6 20. b4
h5 21. Qh3 g5 22. Ra3 g4 23. Bxf4 exf4 24. Rc3+ Kb8 25. Qh4 Nxh4 26. Nxh4
Qxh4 27. O-O f3 28. g3 Qh3 29. Rc8+ Rxc8 30. c3 Qg2# {White checkmated} 0-1

[Event "GambitGuide"]
[Site "Internet Chess Club"]
[Date "2014.10.31"]
[Round "1"]
[White "JSBach"]
[Black "DanJE"]
[Result "1-0"]
[ICCResult "Black checkmated"]
[WhiteElo "1702"]
[BlackElo "1262"]
[Opening "Vienna: `Frankenstein-Dracula' variation"]
[ECO "C27"]
[NIC "VG.02"]
[Time "14:18:59"]
[TimeControl "120+12"]

1. e4 e5 2. Nc3 Nf6 3. Bc4 Nxe4 4. Qh5 Nd6 5. Bb3 Nc6 6. Nb5 g6 7. Qf3 f5 8.
Qd5 Qe7 9. Nxc7+ Kd8 10. Nxa8 b6 11. d3 Bb7 12. Nxb6 axb6 13. Qf3 Nd4 14.
Qg3 Nxb3 15. axb3 Bg7 16. Bg5 Bf6 17. Be3 f4 18. Bxb6+ Ke8 19. Qg4 Kf7 20.
b4 Nf5 21. Bc5 d6 22. Bb6 Qd7 23. Ra7 Qc6 24. Qf3 Qxc2 25. Qxb7+ Ne7 26.
Qd5+ Kf8 27. Qxd6 Qc1+ 28. Ke2 Qc2+ 29. Kf3 Qd1+ 30. Ke4 Qe1+ 31. Be3 Rg8
32. Qxf6+ Ke8 33. Qxe7# {Black checkmated} 1-0

[Event "GambitGuide"]
[Site "Internet Chess Club"]
[Date "2014.10.31"]
[Round "1"]
[White "JSBach"]
[Black "croder"]
[Result "1-0"]
[ICCResult "Black resigns"]
[WhiteElo "1702"]
[BlackElo "1617"]
[Opening "Vienna: `Frankenstein-Dracula' variation"]
[ECO "C27"]
[NIC "VG.02"]
[Time "14:19:20"]
[TimeControl "120+12"]

1. e4 e5 2. Nc3 Nf6 3. Bc4 Nxe4 4. Qh5 Nd6 5. Bb3 Nc6 6. Nb5 g6 7. Qf3 f5 8.
Qd5 Qe7 9. Nxc7+ Kd8 10. Nxa8 b6 11. d3 Bb7 12. Nxb6 axb6 13. Qf3 Kc7 14.
Bd2 h6 15. Qg3 Qf6 16. Nf3 Nd4 17. Nxd4 exd4 18. O-O Kc8 19. Rae1 g5 20. h3
f4 21. Qg4 h5 22. Qd1 g4 23. Bb4 gxh3 24. Bxd6 Bxd6 25. f3 hxg2 26. Kxg2 Rh7
27. Rg1 Qh4 28. Re8+ Kc7 29. Rg8 Re7 30. Rh1 Qf6 31. Rxh5 Re3 32. Bd5 Bxd5
33. Rxd5 Qf7 34. Rgg5 Qe7 35. Rg6 Re2+ 36. Kf1 Qe3 37. Qxe2 {Black resigns}
1-0

[Event "GambitGuide"]
[Site "Internet Chess Club"]
[Date "2014.10.31"]
[Round "1"]
[White "JSBach"]
[Black "fearlessone"]
[Result "1-0"]
[ICCResult "Black resigns"]
[WhiteElo "1702"]
[BlackElo "1812"]
[Opening "Vienna: `Frankenstein-Dracula' variation"]
[ECO "C27"]
[NIC "VG.02"]
[Time "14:15:13"]
[TimeControl "120+12"]

1. e4 e5 2. Nc3 Nf6 3. Bc4 Nxe4 4. Qh5 Nd6 5. Bb3 Nc6 6. Nb5 g6 7. Qf3 f5 8.
Qd5 Qe7 9. Nxc7+ Kd8 10. Nxa8 b6 11. d3 Bb7 12. Nxb6 axb6 13. Qf3 Nd4 14.
Qh3 Nxb3 15. axb3 Bg7 16. Be3 Nc8 17. c3 f4 18. Bd2 e4 19. Kf1 exd3 20. Qxd3
g5 21. Re1 Qf7 22. Nh3 h6 23. Qb5 Re8 24. f3 Rxe1+ 25. Kxe1 Qe6+ 26. Kf2 Qd6
27. Ke1 Bc6 28. Qf5 Ne7 29. Qf7 Be5 30. Ng1 Bd5 31. Qf8+ Kc7 32. c4 Bb7 33.
Bc3 Bxc3+ 34. bxc3 Qe5+ 35. Ne2 Nf5 36. Qg8 Ne3 37. Rg1 g4 38. Qf7 gxf3 39.
gxf3 Bxf3 40. Qxf4 Nc2+ 41. Kd2 Qxf4+ 42. Nxf4 Be4 43. Nd5+ {Black resigns}
1-0

[Event "GambitGuide"]
[Site "Internet Chess Club"]
[Date "2014.10.31"]
[Round "1"]
[White "JSBach"]
[Black "canpawn"]
[Result "1-0"]
[ICCResult "Black resigns"]
[WhiteElo "1702"]
[BlackElo "1518"]
[Opening "Vienna: `Frankenstein-Dracula' variation"]
[ECO "C27"]
[NIC "VG.02"]
[Time "14:19:31"]
[TimeControl "120+12"]

1. e4 e5 2. Nc3 Nf6 3. Bc4 Nxe4 4. Qh5 Nd6 5. Bb3 Nc6 6. Nb5 g6 7. Qf3 f5 8.
Qd5 Qe7 9. Nxc7+ Kd8 10. Nxa8 b6 11. d3 e4 12. dxe4 Nxe4 13. Be3 f4 14. f3
Nc5 15. Ne2 Qxe3 16. Qg5+ Be7 17. Qxf4 Qxf4 18. Nxf4 Bb7 19. Nxb6 axb6 20.
Nd5 Nxb3 21. axb3 b5 22. Kd2 Bb4+ 23. Nxb4 Nxb4 24. c3 Nc6 25. c4 b4 26.
Rhe1 Kc7 27. Re4 Kd6 28. f4 Ne7 29. c5+ Kxc5 30. Rxe7 Bc6 31. g3 d5 32. h3
{Black resigns}
1-0

[Event "GambitGuide"]
[Site "Internet Chess Club"]
[Date "2014.10.31"]
[Round "1"]
[White "JSBach"]
[Black "croder"]
[Result "1-0"]
[ICCResult "Black checkmated"]
[WhiteElo "1703"]
[BlackElo "1617"]
[Opening "Vienna: `Frankenstein-Dracula' variation"]
[ECO "C27"]
[NIC "VG.02"]
[Time "14:21:23"]
[TimeControl "120+12"]

1. e4 e5 2. Nc3 Nf6 3. Bc4 Nxe4 4. Qh5 Nd6 5. Bb3 Nc6 6. Nb5 g6 7. Qf3 f5 8.
Qd5 Qe7 9. Nxc7+ Kd8 10. Nxa8 b6 11. d3 Bb7 12. Nxb6 axb6 13. Qf3 Kc7 14.
Be3 h6 15. Bd5 Qf6 16. a3 g5 17. Ne2 g4 18. Qg3 f4 19. Bxb6+ Kxb6 20. Qxg4
h5 21. Qxd7 Bg7 22. O-O Rd8 23. Qe6 Qg5 24. a4 h4 25. Rfe1 h3 26. Qxh3 Rh8
27. Qd7 Qh5 28. h3 Nf5 29. Be4 Nh4 30. a5+ Kc5 31. Qd5+ Kb4 32. c3#
{Black checkmated}
1-0

[Event "GambitGuide"]
[Site "Internet Chess Club"]
[Date "2014.10.31"]
[Round "1"]
[White "JSBach"]
[Black "GFranco"]
[Result "0-1"]
[ICCResult "White checkmated"]
[WhiteElo "1703"]
[BlackElo "1634"]
[Opening "Vienna: `Frankenstein-Dracula' variation"]
[ECO "C27"]
[NIC "VG.02"]
[Time "14:17:56"]
[TimeControl "120+12"]

1. e4 e5 2. Nc3 Nf6 3. Bc4 Nxe4 4. Qh5 Nd6 5. Bb3 Nc6 6. Nb5 g6 7. Qf3 f5 8.
Qd5 Qe7 9. Nxc7+ Kd8 10. Nxa8 b6 11. d3 Bb7 12. Nxb6 axb6 13. Qf3 Nd4 14.
Qg3 f4 15. Qg4 Bh6 16. Ba4 b5 17. Bb3 e4 18. Kf1 exd3 19. cxd3 Re8 20. Bxf4
Bxf4 21. Qxf4 Ne2 22. Qd2 Nxg1 23. Qa5+ Kc8 24. Rc1+ Kb8 25. Kxg1 Nc4 26.
dxc4 Qg5 27. f3 Qxc1+ 28. Kf2 Qxh1 29. cxb5 Qxh2 30. Bf7 Qh4+ 31. Kf1 Rc8
32. Qd2 Qe7 33. Bb3 d6 34. a3 Qc7 35. Be6 Qc1+ 36. Qxc1 Rxc1+ 37. Kf2 Rc2+
38. Kg3 Rxb2 39. Bc4 Rc2 40. Be6 Rc3 41. a4 Ra3 42. Kh3 Rxa4 43. Kh2 d5 44.
Kg3 d4 45. Kf2 Ra5 46. Bc4 Ra4 47. Be2 Ra2 48. Kf1 Bd5 49. Bd3 Kc7 50. Kg1
Kb6 51. Kf1 Kc5 52. Be2 Bc4 53. Bxc4 Kxc4 54. Ke1 Rb2 55. Kd1 Rxb5 56. g4
Kd3 57. Ke1 Rb2 58. g5 Ke3 59. Kd1 Kxf3 60. Ke1 Ke3 61. Kd1 Rh2 62. Kc1 Kd3
63. Kb1 Kc3 64. Ka1 Kb3 65. Kb1 Rh1# {White checkmated} 0-1

[Event "GambitGuide"]
[Site "Internet Chess Club"]
[Date "2014.10.31"]
[Round "1"]
[White "JSBach"]
[Black "DanJE"]
[Result "1-0"]
[ICCResult "Black resigns"]
[WhiteElo "1703"]
[BlackElo "1262"]
[Opening "Vienna: `Frankenstein-Dracula' variation"]
[ECO "C27"]
[NIC "VG.02"]
[Time "14:21:24"]
[TimeControl "120+12"]

1. e4 e5 2. Nc3 Nf6 3. Bc4 Nxe4 4. Qh5 Nd6 5. Bb3 Nc6 6. Nb5 g6 7. Qf3 f5 8.
Qd5 Qe7 9. Nxc7+ Kd8 10. Nxa8 b6 11. d3 e4 12. dxe4 Nxe4 13. Be3 Qb4+ 14. c3
Nxc3 15. Qd2 Bg7 16. Bg5+ Ke8 17. Nc7+ Kf8 18. bxc3 Bxc3 19. Bh6+ Ke7 20.
Nd5+ Kd8 21. Bg5+ Ke8 22. Qxc3 Qe4+ 23. Ne2 Ba6 24. Nc7+ {Black resigns} 1-0

[Event "GambitGuide"]
[Site "Internet Chess Club"]
[Date "2014.10.31"]
[Round "1"]
[White "JSBach"]
[Black "canpawn"]
[Result "0-1"]
[ICCResult "White checkmated"]
[WhiteElo "1704"]
[BlackElo "1518"]
[Opening "Vienna: `Frankenstein-Dracula' variation"]
[ECO "C27"]
[NIC "VG.02"]
[Time "14:21:52"]
[TimeControl "120+12"]

1. e4 e5 2. Nc3 Nf6 3. Bc4 Nxe4 4. Qh5 Nd6 5. Bb3 Nc6 6. Nb5 g6 7. Qf3 f5 8.
Qd5 Qe7 9. Nxc7+ Kd8 10. Nxa8 b6 11. d3 e4 12. dxe4 Nxe4 13. Be3 f4 14. f3
Nc5 15. Ne2 Qxe3 16. Qg5+ Be7 17. Qxf4 Bg5 18. Qc7+ Ke7 19. h4 Qd2+ 20. Kf1
Be3 21. Re1 Nd4 22. Qe5+ Nce6 23. Qxh8 Nxe2 24. Qxh7+ Kd6 25. Rxe2 Qd1+ 26.
Re1 Qd2 27. Rxe3 Qxe3 28. Rg1 Ba6+ 29. c4 Nf4 30. Qxd7+ Kxd7 31. Nxb6+ axb6
32. Ba4+ Kc7 33. Bd1 Bxc4+ 34. Be2 Qxe2# {White checkmated} 0-1

[Event "GambitGuide"]
[Site "Internet Chess Club"]
[Date "2014.10.31"]
[Round "1"]
[White "JSBach"]
[Black "croder"]
[Result "1-0"]
[ICCResult "Black resigns"]
[WhiteElo "1704"]
[BlackElo "1617"]
[Opening "Vienna: `Frankenstein-Dracula' variation"]
[ECO "C27"]
[NIC "VG.02"]
[Time "14:22:49"]
[TimeControl "120+12"]

1. e4 e5 2. Nc3 Nf6 3. Bc4 Nxe4 4. Qh5 Nd6 5. Bb3 Nc6 6. Nb5 g6 7. Qf3 f5 8.
Qd5 Qe7 9. Nxc7+ Kd8 10. Nxa8 b6 11. d3 Bb7 12. Nxb6 axb6 13. Qf3 Kc7 14.
Bd2 h6 15. Qg3 Qf6 16. Nf3 g5 17. Bd5 f4 18. Qg4 Rh7 19. Bc3 Rg7 20. Bxc6 h5
21. Bxe5 hxg4 22. Bxf6 Rf7 23. Bxb7 Nxb7 24. Be5+ d6 25. Bxd6+ Nxd6 26. Nxg5
Rf5 27. h4 gxh3 28. Nxh3 f3 29. g4 Re5+ 30. Kd1 Bg7 31. Nf4 Rb5 32. Ne6+ Kc6
33. Nxg7 Rxb2 34. Rh3 Rb5 35. Ne6 Re5 36. Nd4+ Kd5 37. Nxf3 Re6 38. Rh5+
{Black resigns}
1-0

[Event "GambitGuide"]
[Site "Internet Chess Club"]
[Date "2014.10.31"]
[Round "1"]
[White "JSBach"]
[Black "FreeIreland"]
[Result "1-0"]
[ICCResult "Black resigns"]
[WhiteElo "1704"]
[BlackElo "1307"]
[Opening "Vienna: `Frankenstein-Dracula' variation"]
[ECO "C27"]
[NIC "VG.02"]
[Time "14:16:04"]
[TimeControl "120+12"]

1. e4 e5 2. Nc3 Nf6 3. Bc4 Nxe4 4. Qh5 Nd6 5. Bb3 Nc6 6. Nb5 g6 7. Qf3 f5 8.
Qd5 Qe7 9. Nxc7+ Kd8 10. Nxa8 b6 11. d3 Nb4 12. Qf3 Bb7 13. Qe3 Bd5 14. a3
Bxb3 15. axb4 Bxc2 16. Rxa7 {Black resigns} 1-0

[Event "GambitGuide"]
[Site "Internet Chess Club"]
[Date "2014.10.31"]
[Round "1"]
[White "JSBach"]
[Black "croder"]
[Result "1-0"]
[ICCResult "Black resigns"]
[WhiteElo "1704"]
[BlackElo "1617"]
[Opening "Vienna: `Frankenstein-Dracula' variation"]
[ECO "C27"]
[NIC "VG.02"]
[Time "14:24:03"]
[TimeControl "120+12"]

1. e4 e5 2. Nc3 Nf6 3. Bc4 Nxe4 4. Qh5 Nd6 5. Bb3 Nc6 6. Nb5 g6 7. Qf3 f5 8.
Qd5 Qe7 9. Nxc7+ Kd8 10. Nxa8 b6 11. d3 Bb7 12. Nxb6 axb6 13. Qf3 Kc7 14.
Be3 f4 15. Bd2 g5 16. Bc3 h5 17. Bd5 Nf7 18. O-O-O d6 19. Re1 Bg7 20. h3 Bf6
21. Ne2 Ncd8 22. a3 Bxd5 23. Qxd5 Nc6 24. h4 g4 25. Nxf4 exf4 26. Rxe7+ Bxe7
27. Qxf7 {Black resigns} 1-0

[Event "GambitGuide"]
[Site "Internet Chess Club"]
[Date "2014.10.31"]
[Round "1"]
[White "JSBach"]
[Black "DanJE"]
[Result "1-0"]
[ICCResult "Black resigns"]
[WhiteElo "1704"]
[BlackElo "1262"]
[Opening "Vienna: `Frankenstein-Dracula' variation"]
[ECO "C27"]
[NIC "VG.02"]
[Time "14:23:18"]
[TimeControl "120+12"]

1. e4 e5 2. Nc3 Nf6 3. Bc4 Nxe4 4. Qh5 Nd6 5. Bb3 Nc6 6. Nb5 g6 7. Qf3 f5 8.
Qd5 Qe7 9. Nxc7+ Kd8 10. Nxa8 b6 11. d3 Bg7 12. Nh3 Bf6 13. Ba4 Bb7 14. Nxb6
axb6 15. Qb3 Kc7 16. O-O Nd4 17. Qc3+ Kb8 18. Re1 f4 19. Bxf4 Qe6 20. Qxd4
Qg4 21. Qxd6+ {Black resigns} 1-0

[Event "GambitGuide"]
[Site "Internet Chess Club"]
[Date "2014.10.31"]
[Round "1"]
[White "JSBach"]
[Black "BFavre"]
[Result "1-0"]
[ICCResult "Black resigns"]
[WhiteElo "1704"]
[BlackElo "1564"]
[Opening "Vienna: `Frankenstein-Dracula' variation"]
[ECO "C27"]
[NIC "VG.02"]
[Time "14:24:18"]
[TimeControl "120+12"]

1. e4 e5 2. Nc3 Nf6 3. Bc4 Nxe4 4. Qh5 Nd6 5. Bb3 Nc6 6. Nb5 g6 7. Qf3 f5 8.
Qd5 Qe7 9. Nxc7+ Kd8 10. Nxa8 b6 11. d3 Bb7 12. Nxb6 axb6 13. Qf3 Nd4 14.
Qg3 Nxb3 15. axb3 f4 16. Qg4 Nf5 17. Ra7 Kc7 18. Qf3 Nd6 19. b4 Kb8 20.
Rxb7+ Nxb7 21. Bd2 h5 22. Qe4 Rg8 23. Nf3 Bh6 24. Nxe5 Re8 25. d4 Bg7 26.
Bxf4 Ka7 27. O-O Nd6 28. Ra1+ {Black resigns} 1-0

[Event "GambitGuide"]
[Site "Internet Chess Club"]
[Date "2014.10.31"]
[Round "1"]
[White "JSBach"]
[Black "REALDEAL"]
[Result "1-0"]
[ICCResult "Black resigns"]
[WhiteElo "1704"]
[BlackElo "1400"]
[Opening "Vienna: `Frankenstein-Dracula' variation"]
[ECO "C27"]
[NIC "VG.02"]
[Time "14:20:50"]
[TimeControl "120+12"]

1. e4 e5 2. Nc3 Nf6 3. Bc4 Nxe4 4. Qh5 Nd6 5. Bb3 Nc6 6. Nb5 g6 7. Qf3 f5 8.
Qd5 Qe7 9. Nxc7+ Kd8 10. Nxa8 b6 11. d3 Bb7 12. Nxb6 axb6 13. Qf3 Nd4 14.
Qh3 e4 15. Be3 Nxb3 16. Bxb6+ Ke8 17. cxb3 exd3+ 18. Kf1 d2 19. Qe3 Ba6+ 20.
Ne2 Ne4 21. f3 Bh6 22. f4 Qd6 23. Rd1 Bxf4 24. Qd4 Kf7 25. Qxh8 Bxe2+ 26.
Kxe2 Qxb6 27. Qxh7+ Kf6 28. Qh4+ Bg5 29. Qh8+ Ke6 30. Qe8+ Kd6 31. Qxg6+ Kc7
32. Qxb6+ Kxb6 33. Rhf1 Nd6 34. a4 {Black resigns} 1-0

[Event "GambitGuide"]
[Site "Internet Chess Club"]
[Date "2014.10.31"]
[Round "1"]
[White "JSBach"]
[Black "BFavre"]
[Result "1-0"]
[ICCResult "Black resigns"]
[WhiteElo "1717"]
[BlackElo "1564"]
[Opening "Vienna: `Frankenstein-Dracula' variation"]
[ECO "C27"]
[NIC "VG.02"]
[Time "14:25:28"]
[TimeControl "120+12"]

1. e4 e5 2. Nc3 Nf6 3. Bc4 Nxe4 4. Qh5 Nd6 5. Bb3 Nc6 6. Nb5 g6 7. Qf3 f5 8.
Qd5 Qe7 9. Nxc7+ Kd8 10. Nxa8 b6 11. d3 Bb7 12. Nxb6 axb6 13. Qf3 Nd4 14.
Qg3 f4 15. Qg4 Nxb3 16. axb3 Nf5 17. Ra7 Kc7 18. Qf3 Nd6 19. b4 Kb8 20.
Rxb7+ Nxb7 21. Bd2 Qe6 22. Ne2 d5 23. d4 e4 24. Bxf4+ Kc8 25. Qc3+
{Black resigns}
1-0

[Event "GambitGuide"]
[Site "Internet Chess Club"]
[Date "2014.10.31"]
[Round "1"]
[White "JSBach"]
[Black "fearlessone"]
[Result "1-0"]
[ICCResult "Black resigns"]
[WhiteElo "1707"]
[BlackElo "1812"]
[Opening "Vienna: `Frankenstein-Dracula' variation"]
[ECO "C27"]
[NIC "VG.02"]
[Time "14:21:36"]
[TimeControl "120+12"]

1. e4 e5 2. Nc3 Nf6 3. Bc4 Nxe4 4. Qh5 Nd6 5. Bb3 Nc6 6. Nb5 g6 7. Qf3 f5 8.
Qd5 Qe7 9. Nxc7+ Kd8 10. Nxa8 b6 11. d3 Bb7 12. Nxb6 axb6 13. Qf3 e4 14.
dxe4 Nxe4 15. Be3 Bg7 16. Bxb6+ Kc8 17. Qe3 h5 18. Rd1 Bh6 19. f4 Re8 20.
Ne2 g5 21. O-O gxf4 22. Nxf4 Qg7 23. Qd3 Bxf4 24. Rxf4 Ne5 25. Qe3 Ng4 26.
Qd3 Qg5 27. Qxd7+ Kb8 28. Qxe8+ Bc8 29. Be6 {Black resigns} 1-0

[Event "GambitGuide"]
[Site "Internet Chess Club"]
[Date "2014.10.31"]
[Round "1"]
[White "JSBach"]
[Black "capricorn35"]
[Result "1-0"]
[ICCResult "Black checkmated"]
[WhiteElo "1707"]
[BlackElo "1466"]
[Opening "Vienna: `Frankenstein-Dracula' variation"]
[ECO "C27"]
[NIC "VG.02"]
[Time "14:18:34"]
[TimeControl "120+12"]

1. e4 e5 2. Nc3 Nf6 3. Bc4 Nxe4 4. Qh5 Nd6 5. Bb3 Nc6 6. Nb5 g6 7. Qf3 f5 8.
Qd5 Qe7 9. Nxc7+ Kd8 10. Nxa8 b6 11. d3 Bb7 12. Nxb6 axb6 13. Qf3 Nd4 14.
Qg3 Bg7 15. Bg5 Bf6 16. Bxf6 Qxf6 17. Ba4 Bc6 18. Bb3 Nb7 19. Ne2 Re8 20.
Nc3 Nc5 21. Rc1 d6 22. Bd5 e4 23. Bxc6 Nxc6 24. O-O Nd4 25. Rfd1 Na4 26. Re1
Nxb2 27. Nd5 Qe5 28. Qh4+ Kc8 29. Nxb6+ Kb7 30. Rb1 Nxc2 31. Nc4 Nxe1 32.
Nxe5 Rxe5 33. d4 Rb5 34. Qxh7+ Ka6 35. Rxe1 Nd3 36. Rf1 Nf4 37. a4 Rd5 38.
g3 Ne2+ 39. Kg2 Rxd4 40. Qxg6 f4 41. Kh3 Rxa4 42. Qxd6+ Ka5 43. Qd2+ Ka6 44.
Qxe2+ Ka5 45. Qd2+ Ka6 46. Qd6+ Ka5 47. Rb1 Rb4 48. Qxb4+ Ka6 49. Qb6#
{Black checkmated}
1-0

[Event "GambitGuide"]
[Site "Internet Chess Club"]
[Date "2014.10.31"]
[Round "1"]
[White "JSBach"]
[Black "croder"]
[Result "1-0"]
[ICCResult "Black resigns"]
[WhiteElo "1707"]
[BlackElo "1617"]
[Opening "Vienna: `Frankenstein-Dracula' variation"]
[ECO "C27"]
[NIC "VG.02"]
[Time "14:25:01"]
[TimeControl "120+12"]

1. e4 e5 2. Nc3 Nf6 3. Bc4 Nxe4 4. Qh5 Nd6 5. Bb3 Nc6 6. Nb5 g6 7. Qf3 f5 8.
Qd5 Qe7 9. Nxc7+ Kd8 10. Nxa8 b6 11. d3 Bb7 12. Nxb6 axb6 13. Qf3 Kc7 14. c3
Bg7 15. Bd5 Re8 16. Qh3 h5 17. Qg3 Qf6 18. Bg5 Qf8 19. Ne2 Ne7 20. Bxb7 Nxb7
21. Bxe7 Qxe7 22. Qxg6 e4 23. Qxf5 exd3 24. Qxd3 Nc5 25. Qf3 Qg5 26. O-O Rg8
27. Qf4+ Qxf4 28. Nxf4 Be5 29. Nxh5 Rh8 30. g4 Ne4 31. f4 Bd6 32. h4 Bc5+
33. Kh2 Rg8 34. Ng3 Nd2 35. Rfd1 Nf3+ 36. Kh3 Kc6 37. f5 d5 38. f6 Rf8 39.
g5 Ne5 40. h5 Nc4 41. g6 Rxf6 42. g7 Rf3 43. g8=Q Bd6 44. Qxd5+ Kc7 45. Qxf3
{Black resigns}
1-0